 Dungeon Crawl Stone Soup version 0.22.0 (webtiles) character file.

2962 inmateoo the Martial Artist (level 9, -1/68 HPs)
             Began as a Gnoll Transmuter on Aug 12, 2018.
             Was a Believer of Cheibriados.
             Slain by a gnoll
             ... wielding a +0 spear
              (11 damage)
             ... on level 7 of the Dungeon.
             The game lasted 00:07:22 (5807 turns).

inmateoo the Martial Artist (Gnoll Transmuter)      Turns: 5807, Time: 00:07:22

Health: -1/68      AC:  4    Str: 19    XL:     9   Next: 81%
Magic:  14/19      EV: 18    Int: 24    God:    Cheibriados [**....]
Gold:   377        SH:  0    Dex: 22    Spells: 6/21 levels left

rFire    + . .     SeeInvis .     - Unarmed
rCold    + . .     Gourm    .   (shield currently unavailable)
rNeg     . . .     Faith    .   p - +2 robe {rC+ rF+}
rPois    .         Spirit   .   (no helmet)
rElec    .         Reflect  .   (no cloak)
rCorr    .         Harm     .   (gloves currently unavailable)
MR       .....                  (no boots)
Stlth    +++.......             (no amulet)
HPRegen  0.21/turn              (no ring)
MPRegen  0.16/turn              (no ring)

@: blade hands, very slow
A: distributed training, fangs 1, strong nose
a: End Transformation, Bend Time, Renounce Religion


You were on level 7 of the Dungeon.
You worshipped Cheibriados.
Cheibriados was pleased with you.
You were not hungry.
You had blades for hands.
You visited 1 branch of the dungeon, and saw 7 of its levels.

You collected 377 gold pieces.

Inventory:

Hand Weapons
 i - a +1 hand axe of electrocution
Missiles
 a - 119 arrows
 e - a throwing net (quivered)
Armour
 o - a +1 pair of gloves (melded)
 p - a +2 robe of resistance (worn)
Scrolls
 f - 5 scrolls of identify
 h - 2 scrolls of teleportation
 l - a scroll of remove curse
Potions
 c - a potion of mutation
 g - a potion of might
 j - 2 potions of magic
 k - 2 potions of flight
 n - 2 potions of heal wounds {unknown}
 q - 3 potions of agility
Comestibles
 b - a chunk of flesh
 d - 11 rations


   Skills:
 + Level 5.2 Fighting
 + Level 4.5 Short Blades
 + Level 4.5 Long Blades
 + Level 4.5 Axes
 + Level 4.5 Maces & Flails
 + Level 4.5 Polearms
 + Level 4.5 Staves
 + Level 4.5 Slings
 + Level 4.5 Bows
 + Level 4.5 Crossbows
 + Level 4.5 Throwing
 + Level 4.5 Armour
 + Level 6.5 Dodging
 + Level 4.5 Stealth
 + Level 4.5 Shields
 + Level 8.0 Unarmed Combat
 + Level 6.8 Spellcasting
 + Level 3.7 Conjurations
 + Level 3.7 Hexes
 + Level 3.7 Charms
 + Level 3.7 Summonings
 + Level 3.7 Necromancy
 + Level 3.7 Translocations
 + Level 5.4 Transmutations
 + Level 3.7 Fire Magic
 + Level 3.7 Ice Magic
 + Level 3.7 Air Magic
 + Level 3.7 Earth Magic
 + Level 3.7 Poison Magic
 + Level 5.0 Invocations
 + Level 4.5 Evocations


You had 6 spell levels left.
You knew the following spells:

 Your Spells              Type           Power        Failure   Level  Hunger
a - Beastly Appendage     Tmut           ####..       14%         1    None
b - Sticks to Snakes      Tmut           ####....     17%         2    None
c - Spider Form           Tmut/Pois      ####......   26%         3    None
d - Ice Form              Ice/Tmut       ####....     47%         4    ###....
e - Blade Hands           Tmut           ####......   65%         5    #####..

Your spell library contained the following spells:

 Spells                   Type           Power        Failure   Level  Hunger


Dungeon Overview and Level Annotations

Branches:
Dungeon (7/15)             Temple (0/1) D:7

Altars:
Cheibriados
Elyvilon
Kikubaaqudgha
Qazlal
Ru
The Shining One

Shops:
D:7 (


Innate Abilities, Weirdness & Mutations

Your experience applies equally to all skills.
You have very sharp teeth.
Your uncanny sense of smell can sniff out nearby items.


Message History

The iguana is severely wounded.
The iguana bites you.
* * * LOW HITPOINT WARNING * * *
You slice the iguana!!
You kill the iguana!
Cheibriados appreciates the change of pace.
The centaur shoots an arrow.
The arrow closely misses you.
A gnoll comes into view. It is wielding a spear.
The centaur unwields an uncursed shortbow.
The centaur misses you. The gnoll closely misses you. The centaur hits you.
* * * LOW HITPOINT WARNING * * *
There is an open door here.
You see here an arrow.
Unknown command.
Unknown command.
You slice the centaur!! You bite the centaur.
The centaur is almost dead.
The centaur completely misses you.
The gnoll hits you from afar with a spear!
You die...

####### ......# ......#
###### ......# #....#
......###########(...###
.....<....(.....@c...>.%.
########'########....####
#..........g...#
#..............#
#..............#
#..............#
#..............#
#......... ....# .
#.........


You could see a centaur and a gnoll.

Vanquished Creatures
  Pikel (D:6)
  Grinder (D:6)
  Prince Ribbit (D:7)
  A hippogriff (D:7)
  Menkaure (D:4)
  The ghost of Aviak the Conjurer, an amateur HuCj (D:3)
  Duvessa (D:7)
  An orc warrior (D:6)
  A phantom (D:3)
  A necrophage (D:7)
  2 ice beasts
  A slave (D:6)
  2 centaurs
  Dowan (D:7)
  A scorpion (D:4)
  6 killer bees
  A crimson imp (D:6)
  A centaur zombie (D:7)
  3 orc priests (D:4)
  A hound (D:6)
  3 bullfrog skeletons
  4 orc wizards
  An iguana (D:7)
  A killer bee zombie (D:5)
  A hound zombie (D:5)
  A worker ant zombie (D:5)
  7 adders
  2 shadow imps (D:6)
  An ooze (D:2)
  2 adder zombies
  An adder skeleton (D:4)
  5 worms
  5 dart slugs
  3 leopard geckos
  8 orcs
  3 giant cockroaches
  12 goblins
  9 hobgoblins
  4 kobolds
  6 quokkas
  12 bats
  2 frilled lizards
  A quokka zombie (D:3)
  6 rats
129 creatures vanquished.

Vanquished Creatures (others)
  Blork the orc (D:6)
1 creature vanquished.

Grand Total: 130 creatures vanquished

Notes
Turn   | Place    | Note
-------+----------+-------------------------------------------
     0 | D:1      | inmateoo the Gnoll Transmuter began the quest for the Orb.
     0 | D:1      | Reached XP level 1. HP: 17/17 MP: 6/6
   114 | D:1      | Reached XP level 2. HP: 6/23 MP: 5/7
   558 | D:1      | Reached XP level 3. HP: 23/28 MP: 9/9
   567 | D:1      | Reached skill level 5 in Spellcasting
   933 | D:2      | Reached skill level 1 in Invocations
   996 | D:2      | Reached skill level 1 in Short Blades
   996 | D:2      | Reached skill level 1 in Long Blades
   996 | D:2      | Reached skill level 1 in Axes
   996 | D:2      | Reached skill level 1 in Maces & Flails
   996 | D:2      | Reached skill level 1 in Polearms
   996 | D:2      | Reached skill level 1 in Staves
   996 | D:2      | Reached skill level 1 in Slings
   996 | D:2      | Reached skill level 1 in Bows
   996 | D:2      | Reached skill level 1 in Crossbows
   996 | D:2      | Reached skill level 1 in Throwing
   996 | D:2      | Reached skill level 1 in Armour
   996 | D:2      | Reached skill level 1 in Stealth
   996 | D:2      | Reached skill level 1 in Shields
   996 | D:2      | Reached skill level 1 in Evocations
   998 | D:2      | Reached XP level 4. HP: 34/34 MP: 9/11
  1010 | D:2      | Learned a level 2 spell: Sticks to Snakes
  1014 | D:2      | Learned a level 3 spell: Spider Form
  1019 | D:2      | Learned a level 4 spell: Ice Form
  1384 | D:3      | Reached skill level 1 in Conjurations
  1384 | D:3      | Reached skill level 1 in Hexes
  1384 | D:3      | Reached skill level 1 in Charms
  1384 | D:3      | Reached skill level 1 in Summonings
  1384 | D:3      | Reached skill level 1 in Necromancy
  1384 | D:3      | Reached skill level 1 in Translocations
  1384 | D:3      | Reached skill level 1 in Fire Magic
  1384 | D:3      | Reached skill level 1 in Ice Magic
  1384 | D:3      | Reached skill level 1 in Air Magic
  1384 | D:3      | Reached skill level 1 in Earth Magic
  1384 | D:3      | Reached skill level 1 in Poison Magic
  1384 | D:3      | Reached XP level 5. HP: 24/40 MP: 10/12
  1619 | D:3      | Found a snail-covered altar of Cheibriados.
  1620 | D:3      | Found a stormy altar of Qazlal.
  1620 | D:3      | Found an ancient bone altar of Kikubaaqudgha.
  1621 | D:3      | Found a glowing golden altar of the Shining One.
  1621 | D:3      | Noticed a centaur
  1624 | D:3      | Became a worshipper of Cheibriados the Contemplative
  1664 | D:3      | Found a transporter.
  1689 | D:3      | Noticed a phantom
  1700 | D:3      | Found a transporter.
  1701 | D:3      | Noticed Aviak's ghost (amateur HuCj)
  1816 | D:3      | Killed a centaur
  1816 | D:3      | Reached XP level 6. HP: 9/47 MP: 11/13
  2192 | D:3      | Killed Aviak's ghost
  2192 | D:3      | Reached skill level 5 in Dodging
  2211 | D:3      | Killed a phantom
  2211 | D:3      | Reached XP level 7. HP: 13/52 MP: 12/15
  2473 | D:4      | Learned a level 5 spell: Blade Hands
  2750 | D:4      | Reached * piety under Cheibriados
  2750 | D:4      | Reached skill level 7 in Unarmed Combat
  2772 | D:4      | Noticed Menkaure
  2778 | D:4      | Killed Menkaure
  3194 | D:4      | Reached XP level 8. HP: 60/60 MP: 11/16
  3274 | D:5      | Entered Level 5 of the Dungeon
  3296 | D:5      | Found a white marble altar of Elyvilon.
  3659 | D:5      | Reached ** piety under Cheibriados
  4099 | D:6      | Noticed Grinder
  4118 | D:6      | Killed Grinder
  4178 | D:6      | Noticed Pikel
  4199 | D:6      | Killed Pikel
  4199 | D:6      | Reached skill level 5 in Transmutations
  4199 | D:6      | Reached XP level 9. HP: 19/66 MP: 9/18
  4334 | D:6      | Killed Blork the orc
  4639 | D:6      | Found a sacrificial altar of Ru.
  4769 | D:7      | Noticed Prince Ribbit
  5443 | D:7      | Killed Prince Ribbit
  5443 | D:7      | Reached skill level 5 in Fighting
  5697 | D:7      | Found Qopiy's Weapon Shoppe.
  5698 | D:7      | Noticed Duvessa
  5711 | D:7      | Reached skill level 8 in Unarmed Combat
  5727 | D:7      | Found a staircase to the Ecumenical Temple.
  5754 | D:7      | Noticed Dowan
  5762 | D:7      | Killed Duvessa
  5768 | D:7      | Killed Dowan
  5803 | D:7      | Reached skill level 5 in Invocations
  5807 | D:7      | Slain by a gnoll

Skill      XL: |  1  2  3  4  5  6  7  8  9 |
---------------+----------------------------+-----
Spellcasting   | 5 6 |  6.8
Invocations    | 1 2 3 4 5 |  5.0
Short Blades   | 1 2 3 4 |  4.5
Long Blades    | 1 2 3 4 |  4.5
Axes           | 1 2 3 4 |  4.5
Maces & Flails | 1 2 3 4 |  4.5
Polearms       | 1 2 3 4 |  4.5
Staves         | 1 2 3 4 |  4.5
Slings         | 1 2 3 4 |  4.5
Bows           | 1 2 3 4 |  4.5
Crossbows      | 1 2 3 4 |  4.5
Throwing       | 1 2 3 4 |  4.5
Armour         | 1 2 3 4 |  4.5
Stealth        | 1 2 3 4 |  4.5
Shields        | 1 2 3 4 |  4.5
Evocations     | 1 2 3 4 |  4.5
Conjurations   | 1 2 3 |  3.7
Hexes          | 1 2 3 |  3.7
Charms         | 1 2 3 |  3.7
Summonings     | 1 2 3 |  3.7
Necromancy     | 1 2 3 |  3.7
Translocations | 1 2 3 |  3.7
Fire Magic     | 1 2 3 |  3.7
Ice Magic      | 1 2 3 |  3.7
Air Magic      | 1 2 3 |  3.7
Earth Magic    | 1 2 3 |  3.7
Poison Magic   | 1 2 3 |  3.7
Fighting       | 3 4 5 |  5.2
Transmutations | 4 5 |  5.4
Dodging        | 5 6 |  6.5
Unarmed Combat | 7 8 |  8.0

Action                   |  1- 3 |  4- 6 |  7- 9 || total
-------------------------+-------+-------+-------++-------
Melee: Unarmed           |   102 |   113 |   198 ||   413
       Bite              |     8 |     8 |    24 ||    40
       Headbutt          |     3 |     4 |       ||     7
       Punch             |     2 |       |     9 ||    11
       Kick              |       |     2 |       ||     2
       Hand axe          |       |       |    26 ||    26
 Cast: Beastly Appendage |     4 |     7 |       ||    11
       Ice Form          |       |     1 |     8 ||     9
       Blade Hands       |       |       |     6 ||     6
  Use: Scroll            |       |     9 |     9 ||    18
 Stab: Sleeping          |     2 |     3 |     6 ||    11
  Eat: Chunk             |       |     4 |     6 ||    10
       Ration            |       |       |     1 ||     1
Armor: Robe              |    29 |     9 |    17 ||    55
       Skin              |       |     3 |    10 ||    13
Dodge: Dodged            |   113 |    88 |   160 ||   361
